 Dungeon Crawl Stone Soup version 0.29-a0-973-gac7da5f7f0 (webtiles) character file.

Game seed: 16232991511342389100

2 Spectrina the Magician (level 1, -3/15 HPs)
             Began as a Djinni Venom Mage on July 31, 2022.
             Frozen to death by an endoplasm (6 damage)
             ... on level 3 of the Dungeon.
             The game lasted 00:00:44 (110 turns).

Spectrina the Magician (Djinni Venom Mage)           Turns: 110, Time: 00:00:45

Health: -3/15      AC:  2    Str:  7    XL:     1   Next: 33%
Gold:   101        EV: 12    Int: 16    God:
                   SH:  0    Dex: 13

rFire   + + +      SeeInvis .   (no weapon)
rCold   x . .      Faith    .   (no shield)
rNeg    + . .      Spirit   .   a - +0 robe
rPois   ∞          Reflect  .   (no helmet)
rElec   .          Harm     .   (no cloak)
rCorr   .          Rampage  .   (no gloves)
Will    .....                   (boots unavailable)
Stlth   ++........              (no amulet)
HPRegen 0.05/turn               d - ring of protection from fire
MPRegen 0.00/turn               g - ring of positive energy

@: flying, very slightly contaminated
A: sickness immunity, fire resistance 2, cold vulnerability 1, float, innate
caster, HP casting, extra vitality 1
a: no special abilities


You were on level 3 of the Dungeon.
You visited 1 branch of the dungeon, and saw 3 of its levels.

You collected 101 gold pieces.

Inventory:

Armour
 a - a +0 robe (worn)
Jewellery
 d - a ring of protection from fire (left hand)
 g - a ring of positive energy (right hand)
Scrolls
 b - 2 scrolls of identify {unknown}
Potions
 c - a potion of cancellation {unknown}
 e - a potion of mutation {unknown}
 f - a potion of invisibility {unknown}


   Skills:
 - Level 2.1 Dodging
 - Level 1.5 Stealth
 + Level 2.5 Spellcasting


You couldn't memorise any spells.
You knew the following spells:

 Your Spells              Type           Power      Damage    Failure   Level
a - Sting                 Tmut/Pois      40%        1d5       7%          1
b - Poisonous Vapours     Pois/Air       20%        N/A       11%         2
c - Mephitic Cloud        Conj/Pois/Air  10%        N/A       22%         3
d - Olgreb's Toxic Radia  Pois           10%        N/A       56%         4
Your spell library was empty.

Dungeon Overview and Level Annotations

Branches:
Dungeon (2/15)

Altars:


Innate Abilities, Weirdness & Mutations

You are immune to sickness and miasma.
You are immune to poison.
Your flesh is very heat resistant. (rF++)
You are vulnerable to cold. (rC-)
You float through the air rather than walking.
You learn spells naturally, not from books.
Your magical power is your life essence.
You have superior vitality. (+4 MHP)


Message History

Your magical contamination has completely faded away.
You now have 53 gold pieces (gained 14).
You now have 67 gold pieces (gained 14).
You hear the slow rusting of a very distant drain.
You now have 83 gold pieces (gained 16).
You now have 101 gold pieces (gained 18).
You reach down and open the door.
There is an open door here.
An endoplasm comes into view.
Casting: Sting (safe; 7% risk of failure)
Confirm with . or Enter, or press ? or * to list all spells.
Aiming: Sting (safe; 7% risk of failure)
Press: ? - help, Shift-Dir - straight line, f - endoplasm
Aim: an endoplasm (asleep, 100% to hit)
The sting hits the endoplasm.
The endoplasm partially resists.
The endoplasm is lightly wounded.
The endoplasm quivers.
Casting: Sting (safe; 7% risk of failure)
Confirm with . or Enter, or press ? or * to list all spells.
Aiming: Sting (safe; 7% risk of failure)
Press: ? - help, Shift-Dir - straight line, f/p - endoplasm
Aim: an endoplasm (lightly wounded, 98% to hit)
You miscast Sting.
You are very lightly contaminated with residual magic.
Nothing appears to happen.
The endoplasm freezes you.
You are frozen!
You feel a terrible chill!
* * * LOW HITPOINT WARNING * * *
Unknown command.
Casting: Sting (safe; 7% risk of failure)
Confirm with . or Enter, or press ? or * to list all spells.
Aiming: Sting (safe; 7% risk of failure)
Press: ? - help, Shift-Dir - straight line, f/p - endoplasm
Aim: an endoplasm (98% to hit)
The sting hits the endoplasm.
The endoplasm partially resists.
The endoplasm is lightly wounded.
* * * LOW HITPOINT WARNING * * *
The endoplasm freezes you.
You are frozen.
You feel a terrible chill!
You die...

## .. ##+# .# ##...#
.# ##.....# .##
###.......## ..##
...........####...####
^..........'..@.......
..........####J..####
#........# ..##
#..:..#.# .##
##......# .# #......#
.# ##..⌠..# .. #.....#
## ##.)...#


You could see an endoplasm.

Vanquished Creatures
  A kobold (D:3)
  A ball python (D:3)
2 creatures vanquished.

Notes
Turn   | Place    | Note
-------+----------+-------------------------------------------
     0 | D:1      | Spectrina the Djinni Venom Mage began the quest for the
                  | Orb.
     0 | D:1      | Spectrina set off with the following spells memorised:
                  | Sting, Poisonous Vapours, Mephitic Cloud, Olgreb's Toxic
                  | Radiance.
     0 | D:1      | Reached XP level 1. HP: 15/15 MP: 0/0
    42 | D:2      | You are sucked into a shaft and drop 1 floor!
   110 | D:3      | Frozen to death by an endoplasm

Illustrated notes

Levels and vault maps discovered:
D:1:      mrwooster_arrival_statue, layout_loops_cross,
          chequers_ecumenical_altar_simple, kennysheep_small_spiral,
          minmay_tiny_reverse_x
D:2:      layout_basic, basic_altar, hangedman_decor_peaks_small,
          serial_park_tiny_pond, kennysheep_generic_room_2
D:3:      layout_loops_corners, gup_sewer_entry_pipe, serial_shops, shop,
          kennysheep_nondescript, dreamdust_wishing_well, uniq_natasha,
          uniq_crazy_yiuf_cottage

Action                   || total
-------------------------++-------
 Cast: Sting             ||     5
Dodge: Dodged            ||     2

Table legend: (Time is in decaauts)
 A = Elapsed time spent in this place.
 B = Non-inter-level travel time spent in this place.
 C = Inter-level travel time spent in this place.
 D = Time resting spent in this place.
 E = Time spent auto-exploring this place.
 F = Levels seen in this place.
 G = Mean time per level.
                   A        B        C        D        E       F      G
               +--------+--------+--------+--------+--------+-----+--------+
         Total |    108 |    108 |      0 |      0 |      0 |   3 |   36.0 |
       Dungeon |    108 |    108 |      0 |      0 |      0 |   3 |   36.0 |
               +--------+--------+--------+--------+--------+-----+--------+

Top non-repeatable levels by time:
     D:3: 66 daAuts
     D:1: 30 daAuts
     D:2: 11 daAuts
